 Dungeon Crawl Stone Soup version 0.23.1-37-gaa34b87 (webtiles) character file.

Game seed: 10660062816004182075

14868 Lauz the Eclecticist (level 11, -15/54 HPs)
             Began as a Deep Elf Conjurer on Mar 26, 2019.
             Was a High Priest of Sif Muna.
             Killed from afar by a vampire mage (24 damage)
             ... with a bolt of negative energy
             ... on level 2 of the Abyss.
             The game lasted 01:00:21 (16942 turns).

Lauz the Eclecticist (Deep Elf Conjurer)           Turns: 16942, Time: 01:00:21

Health: -15/54     AC:  8    Str:  5    XL:     11   Next: 94%
Magic:  5/33       EV: 14    Int: 24    God:    Sif Muna [*****.]
Gold:   504        SH:  5    Dex: 15    Spells: 20/43 levels left

rFire    . . .     SeeInvis .   n - +1 dagger (speed)
rCold    . . .     Gourm    .   r - +1 buckler
rNeg     . . .     Faith    .   a - +0 robe
rPois    .         Spirit   .   m - +0 helmet (curse)
rElec    .         Reflect  .   G - +2 cloak
rCorr    +         Harm     .   k - +0 pair of gloves
MR       +....                  g - +0 pair of boots
Stlth    ++........             F - amulet of magic regeneration
HPRegen  0.18/turn              d - ring of resist corrosion
MPRegen  0.48/turn              J - ring of flight

@: about to teleport, drained
A: no striking features
a: Divine Energy, Channel Magic, Forget Spell, Renounce Religion, Evoke Flight


You were on level 2 of the Abyss.
You worshipped Sif Muna.
Sif Muna was extremely pleased with you.
You were not hungry.

You visited 2 branches of the dungeon, and saw 13 of its levels.
You visited the Abyss 1 time.

You collected 789 gold pieces.
You spent 285 gold pieces at shops.

Inventory:

Hand Weapons
 n - a +1 dagger of speed (weapon)
 y - the +6 arbalest "Damnation" {damnation}
   (You found it on level 5 of the Dungeon)
Armour
 a - a +0 robe (worn)
 g - a +0 pair of boots (worn)
 k - a +0 pair of gloves (worn)
 m - a cursed +0 helmet (worn)
 r - a +1 buckler (worn)
 G - a +2 cloak (worn)
Jewellery
 d - a ring of resist corrosion (left hand)
 F - an amulet of magic regeneration (around neck)
 J - a ring of flight (right hand)
 K - a cursed amulet of inaccuracy {unknown}
Wands
 q - a wand of flame (21)
 A - a wand of iceblast (9)
Scrolls
 e - 10 scrolls of remove curse
 f - 13 scrolls of identify
 h - 3 scrolls of enchant armour
 j - 3 scrolls of blinking
 p - a scroll of immolation {unknown}
 t - 2 scrolls of noise {unknown}
 u - 2 scrolls of brand weapon {unknown}
 w - a scroll of random uselessness {unknown}
 x - 4 scrolls of enchant weapon
 z - 4 scrolls of amnesia {unknown}
 B - a scroll of torment {unknown}
 C - a scroll of vulnerability {unknown}
 D - 4 scrolls of fear
Potions
 i - 2 potions of mutation
 o - 4 potions of haste
 s - 3 potions of agility
 v - 2 potions of might {unknown}
 E - a potion of cancellation {unknown}
 H - a potion of brilliance {unknown}
 I - 2 potions of flight {unknown}
Comestibles
 c - 21 rations


   Skills:
 + Level 5.1(4.5) Dodging
 - Level 2.4(1.8) Stealth
 + Level 2.1(1.6) Shields
 + Level 16.7(15.9) Spellcasting
 + Level 13.9(13.1) Conjurations
 + Level 4.2(3.6) Hexes
 + Level 0.2(0.0) Charms
 + Level 1.3(0.8) Necromancy
 - Level 0.8(0.2) Translocations
 + Level 0.1(0.0) Fire Magic


You had 20 spell levels left.
You knew the following spells:

 Your Spells              Type           Power        Failure   Level  Hunger
a - Magic Dart            Conj           ####         1%          1    None
b - Iskenderun's Mystic   Conj           ######..     1%          4    None
c - Force Lance           Conj/Tloc      ######..     2%          4    None
d - Regeneration          Chrm/Necr      ###.......   10%         3    None
e - Fulminant Prism       Conj/Hex       ######....   1%          4    None
f - Sublimation of Blood  Necr           ###.......   4%          2    None
g - Fireball              Conj/Fire      ######....   8%          5    #......

Your spell library contained the following spells:

 Spells                   Type           Power        Failure   Level  Hunger
 Searing Ray              Conj           ######       1%          2    None
 Conjure Flame            Conj/Fire      ######..     1%          3    None
 Dazzling Spray           Conj/Hex       ######       1%          3    None
 Animate Skeleton         Necr           N/A          2%          1    None
 Pain                     Necr           ###.         2%          1    None
 Summon Small Mammal      Summ           ###.         4%          1    None
 Summon Guardian Golem    Hex/Summ       ####....     5%          3    None
 Call Imp                 Summ           ###.....     6%          2    None
 Irradiate                Conj/Tmut      ######....   8%          5    #......
 Vampiric Draining        Necr           ###.......   9%          3    None
 Call Canine Familiar     Summ           ###.....     12%         3    None
 Animate Dead             Necr           N/A          28%         4    None
 Summon Ice Beast         Ice/Summ       ###.....     36%         4    None
 Summon Lightning Spire   Summ/Air       ###.....     36%         4    None
 Conjure Ball Lightning   Conj/Air       ######....   38%         6    ####...
 Agony                    Necr           ###.....     61%         5    #......
 Summon Forest            Summ/Tloc      ###.......   71%         5    #......
 Spellforged Servitor     Conj/Summ      ######....   92%         7    ######.
 Monstrous Menagerie      Summ           ###.......   100%        7    ######.
 Borgnjor's Revivificati  Necr           ###.......   100%        8    #######
 Lehudib's Crystal Spear  Conj/Erth      ######....   100%        8    #######


Dungeon Overview and Level Annotations

Branches:
Dungeon (12/15)            Temple (1/1) D:4            Lair (0/6) D:8
    Orc (0/2) D:10

Altars:
Ashenzari
Cheibriados
Dithmenos
Elyvilon
Fedhas
Gozag
Hepliaklqana
Kikubaaqudgha
Makhleb
Nemelex Xobeh
Okawaru
Qazlal
Ru
Sif Muna
Trog
Uskayaw
Vehumet
Wu Jian
Xom
Yredelemnul
Zin
The Shining One

Shops:
D:6 }   D:7 *

Portals:
Trove: D:11 (give 13 potions of heal wounds)


Message History

Something draws strength from your injuries!
You feel better. Something hits you!
* * * LOW HITPOINT WARNING * * *
Something bites you.
* * * LOW HITPOINT WARNING * * *
Something draws strength from your injuries!
You feel better. Something hits you!
* * * LOW HITPOINT WARNING * * *
Something closely misses you.
You feel better. Something hits you.
* * * LOW HITPOINT WARNING * * *
Something bites you!
* * * LOW HITPOINT WARNING * * *
Something draws strength from your injuries!
Okay, then.
You feel better.
You hear some strange, mumbled words.
A bolt of negative energy appears from out of thin air!
The bolt of negative energy hits you!!
You feel drained.
You die...

# ## #.#.#
....# ###
#.###.# #@#
#### . # .
#{#... . . .#
.#.##V#.#####
... .
#......... ..
. #####..##
#### .
#.).#...#
#..........#
.# .#.....##
.. #...[.. .


You could see a jiangshi.

Vanquished Creatures
  3 two-headed ogres
  3 death yaks
  An unseen horror (Abyss:2)
  A deep elf archer (D:12)
  A wolf spider zombie (D:12)
  An ugly thing (D:11)
  A deep elf mage (D:12)
  A manticore (D:11)
  A centaur zombie (D:12)
  2 gargoyles (D:11)
  A troll (D:12)
  2 hornets
  2 hippogriffs
  A wraith (D:11)
  A steam dragon (D:10)
  3 yaks (D:10)
  A chaos spawn (Abyss:2)
  2 vampire mosquitoes (D:12)
  A soldier ant (D:11)
  5 orc warriors
  2 sky beasts
  An ice beast (D:6)
  5 phantoms
  6 ogres
  3 centaurs
  9 big kobolds
  3 bullfrogs
  2 troll zombies (D:10)
  5 killer bees
  3 wights (D:7)
  2 howler monkeys
  8 crimson imps
  A bullfrog zombie (D:7)
  2 jellies
  3 centaur skeletons
  4 hounds
  7 orc wizards
  Crazy Yiuf (D:4)
  A bullfrog skeleton (D:11)
  4 orc priests
  A gnoll shaman (D:5)
  4 iguanas
  Natasha (thrice) (D:4)
  A hell rat (D:8)
  9 worker ants
  A killer bee zombie (D:7)
  6 ogre zombies (D:10)
  A hound skeleton (D:5)
  2 mummies (D:7)
  2 worker ant zombies
  8 gnolls
  2 howler monkey skeletons
  A river rat (D:8)
  6 adders
  5 shadow imps
  2 adder zombies
  An adder skeleton (D:6)
  7 worms
  5 leopard geckos
  46 orcs
  A ball python (D:1)
  9 bats
  4 giant cockroaches
  3 goblins
  11 hobgoblins
  9 jackals
  6 quokkas
  A ball python skeleton (D:4)
  10 frilled lizards
  A giant cockroach zombie (D:5)
  2 goblin skeletons (D:10)
  3 goblin zombies (D:10)
  4 hobgoblin zombies (D:10)
  A jackal zombie (D:6)
  51 kobolds
  5 orc skeletons (D:10)
  10 orc zombies (D:10)
  8 rats
358 creatures vanquished.

Vanquished Creatures (others)
  35 fulminant prisms
35 creatures vanquished.

Grand Total: 393 creatures vanquished

Notes
Turn   | Place    | Note
-------+----------+-------------------------------------------
     0 | D:1      | Lauz the Deep Elf Conjurer began the quest for the Orb.
     0 | D:1      | Reached XP level 1. HP: 10/10 MP: 6/6
   130 | D:1      | Reached XP level 2. HP: 15/15 MP: 4/8
   221 | D:1      | Reached skill level 5 in Conjurations
   790 | D:2      | Reached XP level 3. HP: 15/19 MP: 3/9
   910 | D:2      | Found a sacrificial altar of Ru.
  1098 | D:2      | You fall through a shaft for 2 floors!
  1227 | D:3      | Found a basalt altar of Yredelemnul.
  1348 | D:3      | Found a hide-covered altar of Uskayaw.
  1497 | D:3      | Reached XP level 4. HP: 24/24 MP: 3/11
  1677 | D:2      | Learned a level 4 spell: Iskenderun's Mystic Blast
  1718 | D:2      | Found a shattered altar of Ashenzari.
  1920 | D:2      | Reached skill level 4 in Spellcasting
  2872 | D:4      | Reached XP level 5. HP: 15/28 MP: 6/13
  3305 | D:4      | Reached skill level 5 in Spellcasting
  3494 | D:4      | Reached XP level 6. HP: 32/32 MP: 1/16
  3842 | D:4      | Reached skill level 6 in Spellcasting
  3958 | D:4      | Noticed Natasha
  3966 | D:4      | Killed Natasha
  4203 | D:4      | Noticed Natasha
  4204 | D:4      | Killed Natasha
  4278 | D:4      | Found a staircase to the Ecumenical Temple.
  4312 | D:4      | Noticed Natasha
  4313 | D:4      | Killed Natasha
  4320 | Temple   | Entered the Ecumenical Temple
  4610 | Temple   | Became a worshipper of Sif Muna the Loreminder
  5117 | D:4      | Reached XP level 7. HP: 36/36 MP: 14/19
  5341 | D:4      | Found a runed translucent door.
  5342 | D:4      | Noticed Crazy Yiuf
  5350 | D:4      | Learned a level 4 spell: Force Lance
  5352 | D:4      | Killed Crazy Yiuf
  5352 | D:4      | Reached skill level 7 in Spellcasting
  5512 | D:5      | Entered Level 5 of the Dungeon
  5588 | D:5      | Found an ancient bone altar of Kikubaaqudgha.
  5631 | D:5      | Found a shadowy altar of Dithmenos.
  5632 | D:5      | Found a glowing golden altar of the Shining One.
  6184 | D:5      | Found the +6 arbalest "Damnation" {damnation}
  6512 | D:5      | Reached * piety under Sif Muna
  6775 | D:5      | Reached skill level 8 in Spellcasting
  7096 | D:5      | Reached XP level 8. HP: 41/41 MP: 9/22
  7474 | D:5      | Reached skill level 9 in Spellcasting
  7639 | D:5      | Reached ** piety under Sif Muna
  8285 | D:6      | Found Foiptoh's Gadget Shoppe.
  8940 | D:6      | Found a burning altar of Makhleb.
  8946 | D:6      | Reached skill level 10 in Spellcasting
  9506 | D:7      | Reached skill level 1 in Shields
  9506 | D:7      | Reached XP level 9. HP: 45/45 MP: 4/25
  9882 | D:7      | Reached skill level 10 in Conjurations
 10018 | D:7      | Found a blossoming altar of Fedhas.
 10062 | D:7      | Reached skill level 11 in Spellcasting
 10301 | D:7      | Reached *** piety under Sif Muna
 10651 | D:7      | Found Kotikeash's Assorted Antiques.
 10665 | D:7      | Bought a paperback book for 285 gold pieces
 11104 | D:8      | Learned a level 3 spell: Regeneration
 11152 | D:8      | Learned a level 4 spell: Fulminant Prism
 11159 | D:8      | Noticed a death yak
 11246 | D:8      | Noticed a death yak
 11258 | D:8      | Noticed a death yak
 11288 | D:7      | Killed a death yak
 11288 | D:7      | Reached skill level 12 in Spellcasting
 11439 | D:8      | Reached skill level 1 in Hexes
 11454 | D:8      | Reached **** piety under Sif Muna
 11763 | D:8      | Noticed a two-headed ogre
 11772 | D:8      | Killed a two-headed ogre
 11772 | D:8      | Reached XP level 10. HP: 29/50 MP: 16/28
 11776 | D:8      | Killed a death yak
 11776 | D:8      | Reached skill level 13 in Spellcasting
 12370 | D:8      | Found a staircase to the Lair.
 12540 | D:8      | Killed a death yak
 13278 | D:9      | Reached skill level 14 in Spellcasting
 13459 | D:9      | Found a snail-covered altar of Cheibriados.
 13804 | D:10     | Entered Level 10 of the Dungeon
 13806 | D:10     | Reached ***** piety under Sif Muna
 13842 | D:10     | Identified Sif Muna's Tome of the Unholy Escort (Sif Muna
                  | gifted it to you on level 10 of the Dungeon)
 13842 | D:10     | Received a gift from Sif Muna
 13851 | D:10     | Learned a level 2 spell: Sublimation of Blood
 13955 | D:10     | Noticed a two-headed ogre
 13961 | D:10     | Killed a two-headed ogre
 14003 | D:10     | Reached XP level 11. HP: 39/54 MP: 0/31
 14356 | D:10     | Reached skill level 15 in Spellcasting
 14606 | D:10     | Reached skill level 1 in Necromancy
 14705 | D:10     | Found a staircase to the Orcish Mines.
 14932 | D:11     | Noticed a two-headed ogre
 14938 | D:11     | Killed a two-headed ogre
 15433 | D:11     | Noticed a cyan ugly thing
 15438 | D:11     | Killed a cyan ugly thing
 15509 | D:11     | Found a sacrificial altar of Ru.
 15881 | D:11     | Found a portal to a secret trove of treasure.
 16279 | D:12     | Reached skill level 5 in Dodging
 16279 | D:12     | Reached skill level 16 in Spellcasting
 16341 | D:12     | Noticed a two-headed ogre
 16345 | D:12     | Noticed a deep elf archer
 16352 | D:12     | Noticed a four-headed hydra
 16361 | D:12     | Noticed a white ugly thing
 16361 | D:12     | Noticed a purple ugly thing
 16811 | D:12     | Identified Purphagge's Reference Book on Attacks (Sif Muna
                  | gifted it to you on level 12 of the Dungeon)
 16811 | D:12     | Received a gift from Sif Muna
 16817 | D:12     | Noticed a deep elf mage
 16821 | D:12     | Learned a level 5 spell: Fireball
 16823 | D:12     | Killed a deep elf mage
 16836 | D:12     | Killed a deep elf archer
 16848 | D:12     | Noticed a wizard
 16849 | D:12     | Cast into level 2 of the Abyss (a wizard)
 16923 | Abyss:2  | Noticed a jiangshi
 16928 | Abyss:2  | Noticed a vampire mage
 16930 | Abyss:2  | Killed an unseen horror
 16941 | Abyss:2  | HP: 1/54 [something (8)]
 16942 | Abyss:2  | Killed from afar by a vampire mage

Skill      XL: |  1  2  3  4  5  6  7  8  9 10 11 |
---------------+----------------------------------+-----
Conjurations   | 5 6 7 8 9 11 12 13 | 13.9
Spellcasting   | 4 5 6 8 10 12 14 16 | 16.7
Dodging        | 3 4 5 |  5.1
Shields        | 1 2 |  2.1
Hexes          | 1 3 4 |  4.2
Necromancy     | 1 |  1.3
Stealth        | |  2.4
Charms         | |  0.2
Translocations | |  0.8
Fire Magic     | |  0.1

Action                   |  1- 3 |  4- 6 |  7- 9 | 10-12 || total
-------------------------+-------+-------+-------+-------++-------
Melee: Dagger            |       |     6 |     5 |     1 ||    12
 Cast: Magic Dart        |    87 |   117 |   162 |   171 ||   537
       Iskenderun's Myst |       |    28 |   114 |   117 ||   259
       Force Lance       |       |       |    11 |    41 ||    52
       Fulminant Prism   |       |       |     7 |    28 ||    35
       Regeneration      |       |       |       |     1 ||     1
       Fireball          |       |       |       |     4 ||     4
       Sublimation of Bl |       |       |       |     4 ||     4
  Use: Scroll            |       |    12 |     1 |     3 ||    16
       Potion            |       |       |       |     7 ||     7
  Eat: Chunk             |     1 |    15 |    15 |    11 ||    42
       Ration            |       |       |     3 |     1 ||     4
Armor: Robe              |     8 |     2 |     9 |    23 ||    42
Dodge: Dodged            |    21 |    19 |    22 |    53 ||   115
Block: Buckler           |       |     5 |     8 |    23 ||    36
